[Event "III Copa Marcel Duchamp 2019"]
[Site "Montevideo"]
[Date "2019.02.10"]
[Round "3.21"]
[White "Munoz Perez, Rolando"]
[Black "Quevedo, Andreina"]
[Result "1-0"]
[ECO "E61"]
[WhiteElo "2130"]
[BlackElo "1819"]
[Annotator "NA"]
[PlyCount "55"]
[EventDate "2019.02.09"]
[EventType "swiss"]
[EventCountry "URU"]
[SourceTitle "playchess.com"]
[Source "ChessBase"]
[SourceQuality "1"]
[TimeControl "5400+30"]

1. d4 Nf6 2. c4 g6 3. Nc3 Bg7 4. Nf3 O-O 5. Bg5 d6 6. e3 c5 7. d5 h6 8. Bh4 g5 9. Bg3 Nh5 10. Qc2 f5 11. Bd3 Na6 12. a3 Nc7 13. Rd1 Qe8 14. O-O a6 15. b4 b5 16. bxc5 Nxg3 17. hxg3 dxc5 18. e4 Qf7 19. cxb5 axb5 20. Nxb5 Nxb5 21. Bxb5 fxe4 22. Qxe4 Rxa3 23. d6 Be6 24. Rfe1 g4 25. Qxe6 gxf3 26. dxe7 Qxe6 27. exf8=Q+ Bxf8 28. Rxe6 1-0

[Event "III Copa Marcel Duchamp 2019"]
[Site "Montevideo"]
[Date "2019.02.10"]
[Round "3.22"]
[White "Arcos Facio, Mateo"]
[Black "Visillac, Alejandro"]
[Result "0-1"]
[ECO "A16"]
[WhiteElo "2107"]
[BlackElo "1803"]
[Annotator "NA"]
[PlyCount "104"]
[EventDate "2019.02.09"]
[EventType "swiss"]
[EventCountry "URU"]
[SourceTitle "playchess.com"]
[Source "ChessBase"]
[SourceQuality "1"]
[TimeControl "5400+30"]

1. c4 Nf6 2. Nc3 g6 3. g3 Bg7 4. Bg2 c5 5. e3 Nc6 6. Nge2 O-O 7. O-O d6 8. a3 Bf5 9. e4 Be6 10. d3 Qc8 11. Nf4 Bd7 12. Rb1 e5 13. Nfd5 Nxd5 14. Nxd5 Be6 15. b4 b6 16. Qa4 Bxd5 17. exd5 Nd4 18. Be3 Ne2+ 19. Kh1 Nc3 20. Qc6 Nxb1 21. Rxb1 Rd8 22. h4 Qd7 23. bxc5 dxc5 24. Qxd7 Rxd7 25. a4 Bf8 26. h5 Bd6 27. g4 Rb8 28. Bg5 Be7 29. Bxe7 Rxe7 30. g5 f5 31. gxf6 Rf7 32. Re1 Rxf6 33. Rxe5 Rxf2 34. hxg6 hxg6 35. Be4 Kg7 36. Re6 Rf6 37. Re7+ Rf7 38. Re6 Rh8+ 39. Kg2 Rh6 40. a5 bxa5 41. Rc6 Rh4 42. Rxc5 Rff4 43. Rc7+ Kf6 44. Rc6+ Ke5 45. Rxg6 Rhg4+ 46. Rxg4 Rxg4+ 47. Kf3 Rxe4 48. dxe4 a4 49. c5 a3 50. c6 Kd6 51. e5+ Kc7 52. e6 Kd6 0-1

[Event "III Copa Marcel Duchamp 2019"]
[Site "Montevideo"]
[Date "2019.02.10"]
[Round "3.23"]
[White "Zaruski, Julio"]
[Black "Meza, Anahi"]
[Result "0-1"]
[ECO "A15"]
[WhiteElo "1823"]
[BlackElo "2058"]
[Annotator "NA"]
[PlyCount "60"]
[EventDate "2019.02.09"]
[EventType "swiss"]
[EventCountry "URU"]
[SourceTitle "playchess.com"]
[Source "ChessBase"]
[SourceQuality "1"]
[TimeControl "5400+30"]

1. c4 Nf6 2. g3 g6 3. Bg2 Bg7 4. Nc3 d6 5. Nf3 e5 6. O-O c6 7. d3 Nbd7 8. Bd2 O-O 9. Rb1 a5 10. Qc1 Re8 11. b3 Nc5 12. Ne1 e4 13. d4 Ne6 14. Nc2 d5 15. c5 b6 16. cxb6 Qxb6 17. Na4 Qa7 18. Bc3 Ba6 19. Qd2 Bb5 20. Rfc1 Ng4 21. h3 Bh6 22. e3 Nf6 23. Nc5 Ng5 24. Ne1 a4 25. bxa4 Ba6 26. Rb3 Nd7 27. a5 Nxc5 28. dxc5 Ne6 29. Rb6 Qd7 30. Rd1 Bf8 0-1

[Event "III Copa Marcel Duchamp 2019"]
[Site "Montevideo"]
[Date "2019.02.10"]
[Round "3.24"]
[White "Ortiz, Jorge"]
[Black "Torella, Rodolfo"]
[Result "0-1"]
[ECO "B08"]
[WhiteElo "1809"]
[BlackElo "2022"]
[Annotator "NA"]
[PlyCount "108"]
[EventDate "2019.02.09"]
[EventType "swiss"]
[EventCountry "URU"]
[SourceTitle "playchess.com"]
[Source "ChessBase"]
[SourceQuality "1"]
[TimeControl "5400+30"]

1. e4 g6 2. d4 Bg7 3. Nf3 d6 4. h3 Nf6 5. Nc3 c6 6. Bd3 Nbd7 7. O-O e5 8. Be3 O-O 9. a4 {B08: Pirc Defence: Classical System} (9. Qd2 Re8 10. Rad1 b5 11. dxe5 dxe5 12. a4 a6 13. Ne2 Qe7 14. Ng3 Bb7 15. a5 c5 16. c4 b4 17. Bh6 {1-0 (49) Saric,I (2669)-Ponomariov,R (2694) Katowice 2017}) 9... a5 10. Qd2 Re8 11. dxe5 dxe5 12. Bc4 Qe7 13. Rfd1 Nc5 14. Ng5 Ne6 15. Qd6 $146 ({Predecessor:} 15. Nxe6 Bxe6 16. Bxe6 Qxe6 17. Bh6 {1-0 (76) Conte,A (1524)-Schwarzkopf,R (1241) Worms 2013}) 15... Qxd6 16. Rxd6 Bf8 17. Rdd1 Bb4 18. Nxe6 Bxe6 19. Bxe6 Rxe6 20. f3 Kf8 21. Ne2 Ke8 22. Rd3 Nd7 23. Rdd1 Rd8 24. Nc1 f5 25. Nb3 f4 26. Bf2 b6 27. Rd3 Bd6 28. Rad1 Bc7 29. Nd2 Bd6 30. Nc4 Bc7 31. Bh4 Nf6 32. Rxd8+ Bxd8 33. Bxf6 Rxf6 34. Nxe5 b5 35. axb5 cxb5 36. Rd5 b4 37. b3 Ra6 $16 38. Nd3 Rc6 39. Ne1 Bh4 40. Nd3 Rxc2 41. g3 fxg3 42. Rxa5 Rc3 43. Ra8+ Kf7 44. Ra7+ Kg8 45. Ra8+ Kg7 46. Ra7+ Kh6 47. Nxb4 Rxb3 48. Nd5 Rxf3 49. Ra1 Rd3 50. Kg2 Rd2+ 51. Kg1 Re2 52. Ra4 Bg5 53. Nc3 Be3+ 54. Kf1 g2+ 0-1

[Event "III Copa Marcel Duchamp 2019"]
[Site "Montevideo"]
[Date "2019.02.10"]
[Round "3.25"]
[White "Vazquez, Facundo"]
[Black "De Haro, Martim Afonso Palma"]
[Result "1-0"]
[ECO "D30"]
[WhiteElo "2019"]
[BlackElo "1790"]
[Annotator "NA RC"]
[PlyCount "52"]
[EventDate "2019.02.09"]
[EventType "swiss"]
[EventCountry "URU"]
[SourceTitle "playchess.com"]
[Source "ChessBase"]
[SourceQuality "1"]
[TimeControl "5400+30"]

1. d4 d5 2. c4 e6 3. Nf3 Nf6 4. cxd5 exd5 5. Bg5 Be7 6. Nc3 Nbd7 7. Qc2 c6 8. e3 O-O 9. Bd3 Re8 10. O-O Nf8 11. Rab1 g6 12. b4 a6 13. a4 Ne6 14. Bh4 Ng7 15. b5 axb5 16. axb5 Bf5 17. bxc6 bxc6 18. Ne5 Qc8 19. Rb6 Bd7 20. Na4 Bd8 21. Bxf6 Bxf6 22. Nxd7 Qxd7 23. Rxc6 Bd8 24. Bb5 Rf8 25. Rc5 Qg4 26. Bc6 Rb8 1-0

[Event "III Copa Marcel Duchamp 2019"]
[Site "Montevideo"]
[Date "2019.02.10"]
[Round "3.26"]
[White "Alvarez Ramirez, Miguel Angel"]
[Black "Augoustis Funti, Alexis"]
[Result "1-0"]
[ECO "C00"]
[WhiteElo "2282"]
[BlackElo "1984"]
[Annotator "NA"]
[PlyCount "55"]
[EventDate "2019.02.09"]
[EventType "swiss"]
[EventCountry "URU"]
[SourceTitle "playchess.com"]
[Source "ChessBase"]
[SourceQuality "1"]
[TimeControl "5400+30"]

1. e4 e6 2. f4 d5 3. exd5 exd5 4. Nf3 Bd6 5. d4 Bg4 6. Bd3 Nc6 7. c3 Qd7 8. O-O O-O-O 9. Qc2 Nh6 10. Ne5 Bxe5 11. fxe5 Kb8 12. Na3 Bh5 13. Bxh6 gxh6 14. Bxh7 Ne7 15. Rf6 Ng6 16. Bxg6 Bxg6 17. Qe2 Rdg8 18. Raf1 a6 19. R1f2 Rg7 20. Nc2 Be4 21. Ne3 h5 22. Qf1 Rhh7 23. c4 dxc4 24. Qxc4 Qh3 25. Rxf7 Qxe3 26. Qxc7+ Ka8 27. Qc8+ Ka7 28. Qc5+ 1-0

[Event "III Copa Marcel Duchamp 2019"]
[Site "Montevideo"]
[Date "2019.02.10"]
[Round "3.28"]
[White "Areco, Antonio"]
[Black "Soto, Nicolas"]
[Result "0-1"]
[ECO "A25"]
[WhiteElo "1750"]
[BlackElo "1982"]
[Annotator "NA RC"]
[PlyCount "137"]
[EventDate "2019.02.09"]
[EventType "swiss"]
[EventCountry "URU"]
[SourceTitle "playchess.com"]
[Source "ChessBase"]
[SourceQuality "1"]
[TimeControl "5400+30"]

1. c4 e5 2. Nc3 Nc6 3. g3 Nf6 4. d3 Bb4 5. Bd2 d5 6. cxd5 Nxd5 7. Bg2 Be6 8. Nf3 h6 9. O-O O-O 10. a3 Nxc3 11. bxc3 Ba5 12. Rb1 Bb6 13. Qa4 Rb8 14. c4 a6 15. Bc3 Bd7 16. Qb3 Re8 17. Qb2 Qe7 18. Rfd1 Rbd8 19. Rd2 Bc8 20. Rbd1 Nd4 21. e3 Nxf3+ 22. Bxf3 Qf6 23. Bg2 Bg4 24. Re1 Bc8 25. f4 Qg6 26. Be4 Bf5 27. Bxf5 Qxf5 28. fxe5 Rxd3 29. Bd4 Rxd2 30. Qxd2 Rd8 31. Qc3 c5 32. Qb2 Qe6 33. Bc3 Rd7 34. Qe2 Bc7 35. e4 Bxe5 36. Bxe5 Qxe5 37. Rf1 Qd4+ 38. Kg2 Qd2 39. Kf2 Qxe2+ 40. Kxe2 Rd4 41. Rb1 Rxe4+ 42. Kd3 Re7 43. a4 Kf8 44. a5 Ke8 45. Rf1 Kd7 46. g4 f6 47. h4 Re5 48. Rb1 Kc8 49. Rf1 Kc7 50. Rb1 Re6 51. Rg1 Rd6+ 52. Kc3 Rd4 53. g5 hxg5 54. hxg5 f5 55. Re1 Re4 56. Rf1 g6 57. Rh1 Rg4 58. Rh7+ Kc6 59. Rf7 Rxg5 60. Rf6+ Kc7 61. Rf7+ Kb8 62. Kb3 Rg3+ 63. Ka4 Rg1 64. Rg7 g5 65. Rf7 g4 66. Rxf5 g3 67. Rf8+ Ka7 68. Rg8 g2 69. Rg3 0-1

[Event "III Copa Marcel Duchamp 2019"]
[Site "Montevideo"]
[Date "2019.02.10"]
[Round "3.29"]
[White "Gomez Troccoli, Martin"]
[Black "Reolon, Victor"]
[Result "1-0"]
[ECO "C06"]
[WhiteElo "1976"]
[BlackElo "1714"]
[Annotator "NA"]
[PlyCount "85"]
[EventDate "2019.02.09"]
[EventType "swiss"]
[EventCountry "URU"]
[SourceTitle "playchess.com"]
[Source "ChessBase"]
[SourceQuality "1"]
[TimeControl "5400+30"]

1. e4 e6 2. d4 d5 3. Nd2 Nf6 4. e5 Nfd7 5. Bd3 c5 6. c3 Nc6 7. Ne2 cxd4 8. cxd4 b6 9. O-O Nb4 10. Bb1 Ba6 11. Nf3 Rc8 12. Re1 Be7 13. Nc3 Rc7 14. a3 Nc6 15. Qa4 Qc8 16. Bf4 Bc4 17. Qd1 Nd8 18. Ng5 Nf8 19. Qh5 h6 20. Nf3 Qa6 21. Bc2 Bd3 22. Ba4+ b5 23. Bb3 Bg6 24. Qh3 Qc6 25. a4 b4 26. a5 bxc3 27. Ba4 Qxa4 28. Rxa4 cxb2 29. Nd2 Rc1 30. Qe3 Bc2 31. Ra2 b1=Q 32. Nxb1 Bxb1 33. Rxc1 Bxa2 34. Rc7 a6 35. Rxe7+ Kxe7 36. Qa3+ Ke8 37. Qxa2 Ng6 38. Qa4+ Kf8 39. Bd2 Kg8 40. Qd7 Kh7 41. g3 h5 42. h4 Rg8 43. Bg5 1-0

[Event "III Copa Marcel Duchamp 2019"]
[Site "Montevideo"]
[Date "2019.02.10"]
[Round "3.30"]
[White "Chamlian, Aram"]
[Black "Siddeley, Hugh"]
[Result "0-1"]
[ECO "C47"]
[WhiteElo "1739"]
[BlackElo "1968"]
[Annotator "NA"]
[PlyCount "75"]
[EventDate "2019.02.09"]
[EventType "swiss"]
[EventCountry "URU"]
[SourceTitle "playchess.com"]
[Source "ChessBase"]
[SourceQuality "1"]
[TimeControl "5400+30"]

1. e4 e5 2. Nf3 Nf6 3. Nc3 Nc6 4. d4 exd4 5. Nxd4 Bb4 6. Nxc6 bxc6 7. Bd3 d5 8. Bd2 O-O 9. exd5 Re8+ 10. Be2 Qe7 11. Be3 Nxd5 12. Qd3 a5 13. O-O Nxe3 14. Qxe3 Qxe3 15. fxe3 Rxe3 16. Rf3 Bc5 17. Rxe3 Bxe3+ 18. Kf1 Be6 19. Rd1 g6 20. Ne4 h6 21. b3 Kg7 22. Bf3 a4 23. Nc3 axb3 24. cxb3 Ra5 25. Rd3 Bf4 26. g3 Bf5 27. Be4 Bxe4 28. Nxe4 Be5 29. a4 Rd5 30. Rxd5 cxd5 31. Nc5 Bc3 32. Nb7 Kf6 33. a5 Bd4 34. b4 Ke7 35. a6 Kd7 36. b5 c6 37. bxc6+ Kc7 38. Na5 0-1

[Event "III Copa Marcel Duchamp 2019"]
[Site "Montevideo"]
[Date "2019.02.10"]
[Round "3.31"]
[White "Araque, Jairo"]
[Black "Lanaro, Emilio"]
[Result "1/2-1/2"]
[ECO "A45"]
[WhiteElo "1961"]
[BlackElo "1696"]
[Annotator "NA"]
[PlyCount "131"]
[EventDate "2019.02.09"]
[EventType "swiss"]
[EventCountry "URU"]
[SourceTitle "playchess.com"]
[Source "ChessBase"]
[SourceQuality "1"]
[TimeControl "5400+30"]

1. d4 Nf6 2. Bf4 g6 3. Nc3 Bg7 4. e4 d6 5. Qd2 O-O 6. f3 c5 7. dxc5 dxc5 8. Bd3 Nc6 9. Bh6 Ne5 10. Bxg7 Nxd3+ 11. cxd3 Kxg7 12. O-O-O b6 13. Nge2 Ba6 14. Qe3 Qc7 15. g4 Rad8 16. g5 Nh5 17. Nd5 Qb7 18. Ng3 Nxg3 19. hxg3 Qd7 20. Rh2 Bb7 21. Rdh1 Rh8 22. Qe1 Bxd5 23. Qc3+ f6 24. gxf6+ exf6 25. exd5 Qxd5 26. Re1 Rhe8 27. Rxe8 Rxe8 28. Qd2 Qg5 29. Qxg5 fxg5 30. Kd2 h5 31. Rh1 Kf6 32. Rc1 h4 33. Rh1 Rh8 34. Ke3 Ke5 35. Rh2 Kf5 36. Rh1 h3 37. g4+ Ke5 38. Rh2 a5 39. a4 Rh7 40. b3 Rh8 41. Ke2 Kd4 42. Kd2 Rh7 43. Ke2 Kc3 44. Ke3 Kxb3 45. f4 gxf4+ 46. Kxf4 Kxa4 47. Kg5 Kb3 48. Kxg6 Rh8 49. Kg7 Rh4 50. g5 a4 51. Kf6 a3 52. g6 a2 53. Rh1 Kb2 54. Rh2+ Kb3 55. Rh1 h2 56. Kg5 Rh8 57. g7 Rg8 58. Kf6 Kb2 59. Rxh2+ Kb3 60. Rh1 c4 61. dxc4 Kxc4 62. Rh4+ Kb5 63. Rh1 Ka4 64. Rh4+ Ka5 65. Rh1 Ka4 66. Rh4+ 1/2-1/2

[Event "III Copa Marcel Duchamp 2019"]
[Site "Montevideo"]
[Date "2019.02.10"]
[Round "3.32"]
[White "Aguerre, Valentin"]
[Black "Escofet, Jaime"]
[Result "1/2-1/2"]
[ECO "A40"]
[WhiteElo "1694"]
[BlackElo "1957"]
[Annotator "NA"]
[PlyCount "77"]
[EventDate "2019.02.09"]
[EventType "swiss"]
[EventCountry "URU"]
[SourceTitle "playchess.com"]
[Source "ChessBase"]
[SourceQuality "1"]
[TimeControl "5400+30"]

1. d4 e6 2. Bf4 c5 3. c3 cxd4 4. cxd4 Qb6 5. Qd2 Nf6 6. Nc3 Bb4 7. a3 Be7 8. Nf3 Nc6 9. h3 O-O 10. e3 Na5 11. Rd1 d5 12. Na4 Qd8 13. Bd3 Bd7 14. Nc3 Rc8 15. O-O a6 16. Ne5 b5 17. Na2 Nc4 18. Nxc4 bxc4 19. Bc2 Bb5 20. Nc3 Qb6 21. Rb1 Bd7 22. f3 Bd6 23. Bxd6 Qxd6 24. e4 Qg3 25. e5 Nh5 26. f4 f5 27. exf6 Rxf6 28. Ne2 Qh4 29. Kh2 Rf7 30. Qe3 Nf6 31. Kg1 Ne8 32. Nc3 Qf6 33. f5 Nc7 34. fxe6 Qxe6 35. Qxe6 Bxe6 36. Rxf7 Bxf7 37. Rf1 h6 38. b3 Nb5 39. Nxb5 1/2-1/2

[Event "III Copa Marcel Duchamp 2019"]
[Site "Montevideo"]
[Date "2019.02.12"]
[Round "5.6"]
[White "El Ters, Antouan"]
[Black "Bitelmajer, Martin"]
[Result "0-1"]
[ECO "C54"]
[WhiteElo "2205"]
[BlackElo "2453"]
[Annotator "RC"]
[PlyCount "70"]
[EventDate "2019.02.09"]
[EventType "swiss"]
[EventCountry "URU"]
[SourceTitle "playchess.com"]
[Source "ChessBase"]
[SourceQuality "1"]
[TimeControl "5400+30"]

1. e4 e5 2. Nf3 Nc6 3. Bc4 Bc5 4. c3 Nf6 5. O-O d6 6. d4 Bb6 7. dxe5 Nxe5 8. Nxe5 dxe5 9. Qxd8+ Kxd8 10. Nd2 Ke7 11. b3 Bc5 12. b4 Bd6 13. Bb2 Rd8 14. Rfd1 a5 15. a3 Bd7 16. f3 b5 17. Bb3 c5 18. bxc5 Bxc5+ 19. Kf1 a4 20. Ba2 Be6 21. Bxe6 Kxe6 22. Ke2 Nd7 23. c4 b4 24. axb4 Bxb4 25. Ba3 Bxa3 26. Rxa3 Nc5 27. Nf1 Rxd1 28. Kxd1 Rb8 29. Kc2 g6 30. Nd2 f5 31. Ra2 Kd6 32. Rb2 Ra8 33. Kb1 Kc6 34. Rb5 Rd8 35. Kc2 Rd4 0-1

[Event "III Copa Marcel Duchamp 2019"]
[Site "Montevideo"]
[Date "2019.02.12"]
[Round "5.15"]
[White "Vazquez, Facundo"]
[Black "Carbone, Diego"]
[Result "0-1"]
[ECO "E63"]
[WhiteElo "2019"]
[BlackElo "2256"]
[Annotator "RC"]
[PlyCount "50"]
[EventDate "2019.02.09"]
[EventType "swiss"]
[EventCountry "URU"]
[SourceTitle "playchess.com"]
[Source "ChessBase"]
[SourceQuality "1"]
[TimeControl "5400+30"]

1. d4 Nf6 2. c4 g6 3. g3 Bg7 4. Bg2 O-O 5. Nc3 d6 6. Nf3 Nc6 7. O-O a6 8. h3 Bd7 9. e4 e5 10. d5 Ne7 11. Ne1 Ne8 12. Nd3 f5 13. f4 exf4 14. g4 {fxg3 Bf4} b5 15. cxb5 axb5 16. e5 b4 17. Ne2 h6 18. h4 Qb8 19. Nd4 Ra5 20. Nb3 Qa7+ 21. Kh1 Rxa2 22. Nxb4 Rxa1 {Qxa1 Qxa1 Rxa1 dxe5} 23. Be3 {f4 Bc5 Nd6 Nd2 Nef5 Ra7 Nb5 Bxf8 Nxa7 Bc5 Nb5 Nf3} Bf6 24. Nd3 g5 25. hxg5 hxg5 {Nfxe5} 0-1

[Event "III Copa Marcel Duchamp 2019"]
[Site "Montevideo"]
[Date "2019.02.13"]
[Round "5.15"]
[White "Vazquez, Facundo"]
[Black "Carbone, Diego"]
[Result "0-1"]
[ECO "E63"]
[WhiteElo "2019"]
[BlackElo "2256"]
[Annotator "ChessBase"]
[PlyCount "77"]
[EventDate "2019.02.09"]
[EventType "swiss"]
[EventCountry "URU"]
[SourceTitle "playchess.com"]
[Source "ChessBase"]
[SourceQuality "1"]
[TimeControl "5400+30"]

1. d4 Nf6 2. c4 g6 3. g3 Bg7 4. Bg2 O-O 5. Nc3 d6 6. Nf3 Nc6 7. O-O a6 8. h3 Bd7 9. e4 e5 10. d5 Ne7 11. Ne1 Ne8 12. Nd3 f5 13. f4 exf4 14. Bxf4 b5 15. cxb5 axb5 16. e5 b4 17. Ne2 h6 18. h4 Qb8 19. Nd4 Ra5 20. Nb3 Qa7+ 21. Kh1 Rxa2 22. Nxb4 Rxa1 23. Qxa1 Qxa1 24. Rxa1 dxe5 25. Be3 f4 26. Bc5 Nd6 27. Nd2 Nef5 28. gxf4 exf4 29. Ra7 Nb5 30. Bxf8 Nxa7 31. Bc5 Nb5 32. Nf3 Bf6 33. Nd3 g5 34. hxg5 hxg5 35. Nfe5 Ng3+ 36. Kh2 Bf5 37. Bh3 Bxh3 38. Kxh3 Ne4 39. Bg1 0-1

[Event "III Copa Marcel Duchamp 2019"]
[Site "Montevideo"]
[Date "2019.02.12"]
[Round "5.23"]
[White "Dotta, Gian Franco"]
[Black "Sarquis, Maria Belen"]
[Result "1-0"]
[ECO "B42"]
[WhiteElo "1896"]
[BlackElo "2164"]
[Annotator "RC"]
[PlyCount "72"]
[EventDate "2019.02.09"]
[EventType "swiss"]
[EventCountry "URU"]
[SourceTitle "playchess.com"]
[Source "ChessBase"]
[SourceQuality "1"]
[TimeControl "5400+30"]

1. e4 c5 2. Nf3 e6 3. d4 cxd4 4. Nxd4 a6 5. Bd3 Nf6 6. Nc3 Qc7 7. O-O b5 8. a4 b4 9. Na2 d5 10. Re1 dxe4 11. Bxe4 Nxe4 12. Rxe4 Be7 13. Bf4 Qb6 14. Qe2 g6 15. Bh6 Bd7 16. Rd1 a5 17. Nc1 Na6 18. Ncb3 Rc8 19. Re5 Nc5 20. Nxc5 Bxc5 21. Nb3 Be7 22. Rxa5 Bc6 23. Ra6 Qb8 24. Qe3 Qb7 25. Qd4 e5 26. Qxe5 f6 27. Qe6 Qxa6 28. Nc5 Qa8 29. Re1 Rc7 30. Qxf6 Rg8 31. Bg5 Be4 32. Qe6 Qd5 33. Rxe4 Qxe6 34. Nxe6 Rxc2 35. Nd4 Rxb2 36. Rxe7+ Kf8 1-0

[Event "III Copa Marcel Duchamp 2019"]
[Site "Montevideo"]
[Date "2019.02.12"]
[Round "5.26"]
[White "Soto, Nicolas"]
[Black "Ortiz, Jorge"]
[Result "1/2-1/2"]
[ECO "B08"]
[WhiteElo "1982"]
[BlackElo "1809"]
[Annotator "NA RC"]
[PlyCount "58"]
[EventDate "2019.02.09"]
[EventType "swiss"]
[EventCountry "URU"]
[SourceTitle "playchess.com"]
[Source "ChessBase"]
[SourceQuality "1"]
[TimeControl "5400+30"]

1. e4 d6 2. d4 Nf6 3. Nc3 g6 4. Nf3 Bg7 5. Be2 O-O 6. h3 c6 7. a4 a5 8. O-O e5 9. dxe5 dxe5 10. Qxd8 Rxd8 11. Bc4 Re8 12. Ng5 Rf8 13. Rd1 Nbd7 14. Be3 h6 15. Nf3 Re8 16. Nd2 b6 17. Nb3 Ba6 18. Bxa6 Rxa6 19. Rd6 Rc8 20. Rad1 Ra7 21. f3 Bf8 22. R6d2 Kg7 23. Ne2 Rb7 24. Ra1 Nb8 25. Rad1 Nbd7 26. g4 Be7 27. Kf2 Nf8 28. Nec1 N6d7 29. Ne2 Nf6 1/2-1/2

[Event "III Copa Marcel Duchamp 2019"]
[Site "Montevideo"]
[Date "2019.02.12"]
[Round "5.27"]
[White "Gomez Troccoli, Martin"]
[Black "Visillac, Alejandro"]
[Result "1/2-1/2"]
[ECO "C05"]
[WhiteElo "1976"]
[BlackElo "1803"]
[Annotator "NA"]
[PlyCount "154"]
[EventDate "2019.02.09"]
[EventType "swiss"]
[EventCountry "URU"]
[SourceTitle "playchess.com"]
[Source "ChessBase"]
[SourceQuality "1"]
[TimeControl "5400+30"]

1. e4 e6 2. d4 d5 3. Nd2 Nf6 4. e5 Nfd7 5. Bd3 c5 6. c3 Nc6 7. Ne2 Qb6 8. Nf3 cxd4 9. cxd4 Bb4+ 10. Bd2 O-O 11. O-O {C06: French Tarrasch: 3...Nf6 4 e5 Nfd7 5 Bd3 main lines} f6 12. Bxb4 Nxb4 13. exf6 Nxf6 14. Ne5 $146 ({Predecessor:} 14. Bb1 Bd7 15. Qd2 Rac8 16. Nc3 Be8 17. Re1 Bf7 18. Na4 Qd6 19. Nc5 b6 20. Nd3 Nc6 {½-½ (96) Nuber,K (2270)-Heika,M (2399) Bayern 2013}) 14... Nxd3 15. Qxd3 Bd7 16. Nc3 Rac8 17. b3 Qa5 18. Rac1 Rc7 19. Qh3 Bc8 20. Qe3 Nd7 21. b4 Qb6 22. Nd3 Rc4 23. Ne2 Nf6 24. a3 Bd7 25. Rxc4 dxc4 26. Nc5 Qc6 27. Re1 Ng4 28. Qg3 Nxf2 29. Nf4 $11 e5 30. Rxe5 Ng4 31. Nxd7 Qxd7 32. Rd5 Qc7 33. Qxg4 Qxf4 34. Qxf4 Rxf4 35. g3 Re4 36. Kf2 c3 37. Rc5 Rxd4 38. Ke3 Rd7 39. Rxc3 Kf7 40. Ke4 Ke6 41. h4 Re7 42. Rd3 Rc7 43. g4 Rc4+ 44. Rd4 Rc3 45. a4 Rg3 46. Kf4 Ra3 47. a5 Rc3 48. h5 Rc7 49. g5 Rf7+ 50. Kg4 Rc7 51. Re4+ Kd5 52. Re1 Rf7 53. g6 hxg6 54. hxg6 Rc7 55. Kf5 Kd6 56. Re8 Rc4 57. Rd8+ Ke7 58. Rg8 Rxb4 59. Rxg7+ Kf8 60. Rc7 Rb1 61. Rc8+ Kg7 62. Rc7+ Kf8 63. Kf6 Rf1+ 64. Kg5 Rg1+ 65. Kf5 Rf1+ 66. Ke6 Re1+ 67. Kf6 Rf1+ 68. Ke5 Re1+ 69. Kd4 Rd1+ 70. Ke4 Re1+ 71. Kf4 Rf1+ 72. Ke3 Rb1 73. Kd3 Rb5 74. Kc4 Rxa5 75. g7+ Kg8 76. Rxb7 Rg5 77. Rxa7 Rxg7 1/2-1/2

[Event "III Copa Marcel Duchamp 2019"]
[Site "Montevideo"]
[Date "2019.02.12"]
[Round "5.29"]
[White "Araque, Jairo"]
[Black "De Haro, Martim Afonso Palma"]
[Result "1-0"]
[ECO "A45"]
[WhiteElo "1961"]
[BlackElo "1790"]
[Annotator "NA RC"]
[PlyCount "77"]
[EventDate "2019.02.09"]
[EventType "swiss"]
[EventCountry "URU"]
[SourceTitle "playchess.com"]
[Source "ChessBase"]
[SourceQuality "1"]
[TimeControl "5400+30"]

1. d4 Nf6 2. Bf4 d5 3. e3 c5 4. Nf3 Qb6 5. Nc3 a6 6. a3 Nc6 7. h3 h6 8. Be2 Bf5 9. Rb1 cxd4 10. exd4 e6 11. O-O Be7 12. b4 Ne4 13. Na4 Qa7 14. Rb3 Rc8 15. Nc5 O-O 16. c3 Rfd8 17. g4 Bh7 18. h4 Bd6 19. Bxd6 Nxd6 20. g5 hxg5 21. Nxg5 Bf5 22. Bg4 b6 23. Nd3 Qe7 24. Re1 Qf6 25. Bxf5 Qxf5 26. Re3 Re8 27. Qe2 f6 28. Nh3 Nc4 29. Rg3 e5 30. dxe5 N6xe5 31. Nxe5 Rxe5 32. Qg4 Qxg4 33. Rxg4 Re4 34. Rxe4 dxe4 35. Nf4 Nd2 36. Rb2 Nf3+ 37. Kg2 Rxc3 38. Nd5 b5 39. Nxc3 1-0

[Event "III Copa Marcel Duchamp 2019"]
[Site "Montevideo"]
[Date "2019.02.12"]
[Round "5.31"]
[White "Chamlian, Aram"]
[Black "Moccero, Eduardo"]
[Result "1/2-1/2"]
[ECO "B00"]
[WhiteElo "1739"]
[BlackElo "1950"]
[Annotator "NA RC"]
[PlyCount "61"]
[EventDate "2019.02.09"]
[EventType "swiss"]
[EventCountry "URU"]
[SourceTitle "playchess.com"]
[Source "ChessBase"]
[SourceQuality "1"]
[TimeControl "5400+30"]

1. e4 Nc6 2. Nf3 d6 3. Bc4 Nf6 4. Nc3 g6 5. O-O Bg7 6. d4 O-O 7. h3 Nxe4 8. Nxe4 d5 9. Bxd5 Qxd5 10. Nc3 Qd8 11. Be3 Bf5 12. Ne2 Re8 13. Ng3 Be6 14. Qd2 Qd7 15. c3 Rad8 16. Rfe1 Bd5 17. Qe2 e5 18. dxe5 Nxe5 19. Nxe5 Bxe5 20. c4 Bc6 21. Rad1 Qe6 22. Bg5 Rxd1 23. Rxd1 Bxg3 24. Qxe6 Bxf2+ 25. Kxf2 Rxe6 26. Rd8+ Kg7 27. Rc8 h6 28. Bf4 Re4 29. Bxc7 Kf6 30. b3 Rd4 31. Rd8 1/2-1/2

[Event "III Copa Marcel Duchamp 2019"]
[Site "Montevideo"]
[Date "2019.02.12"]
[Round "5.32"]
[White "Suarez, Pedro"]
[Black "Reolon, Victor"]
[Result "1-0"]
[ECO "A80"]
[WhiteElo "1950"]
[BlackElo "1714"]
[Annotator "NA RC"]
[PlyCount "61"]
[EventDate "2019.02.09"]
[EventType "swiss"]
[EventCountry "URU"]
[SourceTitle "playchess.com"]
[Source "ChessBase"]
[SourceQuality "1"]
[TimeControl "5400+30"]

1. d4 f5 2. Nc3 d5 3. Bf4 Nf6 4. e3 c6 5. Bd3 e6 6. Nf3 Be7 7. h4 Nbd7 8. a4 Nf8 9. h5 Ng4 10. Ne5 Nxe5 11. Bxe5 Bf6 12. f4 Qe7 13. Qf3 Nd7 14. g4 Bxe5 15. fxe5 O-O 16. gxf5 exf5 17. O-O-O Nb6 18. Rdg1 Nc4 19. Qg3 Rf7 20. Ne2 Qb4 21. Bxc4 dxc4 22. h6 f4 23. Nxf4 Bf5 24. e6 Re7 25. Nh5 g6 26. Qe5 c3 27. Qxf5 cxb2+ 28. Kb1 Qe1+ 29. Rxe1 gxf5 30. Rhg1+ Kh8 31. Nf4 1-0

[Event "III Copa Marcel Duchamp 2019"]
[Site "Montevideo"]
[Date "2019.02.13"]
[Round "6.8"]
[White "Diaz Hollemaert, Nahuel"]
[Black "Muniz, Rafael"]
[Result "1-0"]
[ECO "E21"]
[WhiteElo "2426"]
[BlackElo "2250"]
[Annotator "RC"]
[PlyCount "55"]
[EventDate "2019.02.09"]
[EventType "swiss"]
[EventCountry "URU"]
[SourceTitle "playchess.com"]
[Source "ChessBase"]
[SourceQuality "1"]
[TimeControl "5400+30"]

1. d4 Nf6 2. c4 e6 3. Nc3 Bb4 4. Nf3 c5 5. e3 O-O 6. Bd3 d6 7. Qc2 Nc6 8. Bd2 e5 9. dxc5 Bxc5 10. a3 a6 11. h3 h6 12. g4 b5 13. g5 hxg5 14. Nxg5 Bb7 15. Rg1 Ne7 16. Be4 Bxe4 17. Ncxe4 Ng6 18. h4 bxc4 19. Nxf6+ gxf6 20. Ne6 Qd7 21. Nxc5 dxc5 22. h5 Qd3 23. Rc1 Rab8 24. hxg6 fxg6 25. Rxg6+ Kf7 26. Rg4 Rg8 27. Rxg8 Rxg8 28. Qxc4+ 1-0